Map: Dusk Towers

Players

Miszu - Winner!

  • Race: Terran Terran
  • League: Grandmaster

Reinca

  • Race: Terran Terran
  • League: Grandmaster

VOD

Have the link to the VOD?

Description

Time

  • Played on: Feb. 14, 2016, 9:54 a.m.
  • Length: 9:07
Show
View Real Time Build Order
Export as new Build Order

Miszu Terran - Winner!

Build Orders: MMM Bio 

Get SALT Encoding   

  12  0:02  SCV  
  13  0:14  SCV  
  14  0:18  Supply Depot  
  14  0:26  SCV  
  15  0:40  SCV  
  15  0:41  Barracks  
  16  0:45  Refinery  
  16  0:52  SCV  
  17  1:05  SCV  
  18  1:21  SCV  
  19  1:30  Barracks Reactor  
  19  1:37  Orbital Command  
  19  1:47  Command Center  
  19  1:50  Supply Depot  
  19  2:03  SCV  
  19  2:06  Marine  
  19  2:07  Marine  
  21  2:13  Factory  
  21  2:15  SCV  
  22  2:24  Marine x2  
  22  2:29  SCV  
  25  2:34  Refinery  
  25  2:41  SCV  
  25  2:42  Marine x2  
  28  2:53  SCV  
  29  2:58  Orbital Command  
  29  3:01  Starport  
  29  3:03  Factory Tech Lab  
  29  3:05  SCV  
  29  3:10  Marine  
  29  3:11  Marine  
  32  3:17  SCV  
  33  3:20  Widow Mine  
  33  3:24  SCV  
  35  3:30  SCV  
  35  3:32  Marine x2  
  38  3:36  SCV  
  38  3:37  Medivac  
  41  3:42  SCV  
  41  3:48  SCV  
  43  3:54  Supply Depot, SCV  
  44  3:55  Supply Depot  
  44  4:00  SCV  
  45  4:06  SCV  
  46  4:15  Marine x2  
  46  4:16  Siege Tank, SCV  
  52  4:18  Command Center  
  52  4:19  SCV  
  53  4:28  SCV  
  54  4:31  SCV  
  54  4:32  Refinery x2  
  55  4:40  SCV  
  55  4:43  SCV  
  55  4:45  Barracks  
  57  4:46  Barracks  
  57  4:49  Siege Tank  
  57  4:52  SCV  
  61  4:53  Marine  
  62  5:07  SCV  
  57  5:14  Marine x2  
  57  5:16  SCV  
  57  5:19  SCV  
  57  5:21  Starport Reactor, Barracks  
  57  5:22  Barracks  
  57  5:26  Siege Tank  
  61  5:28  SCV  
  61  5:31  SCV  
  61  5:32  Marine x2, Orbital Command  
  61  5:35  Barracks Tech Lab  
  64  5:36  Barracks Tech Lab  
  64  5:40  SCV  
  65  5:43  SCV  
  65  5:49  Supply Depot  
  66  5:52  Supply Depot, SCV  
  66  5:54  Stimpack, Combat Shields  
  67  6:00  Siege Tank  
  67  6:02  Medivac, Orbital Command  
  72  6:04  Medivac  
  72  6:07  Barracks Reactor  
  72  6:09  Barracks Reactor  
  74  6:16  Engineering Bay  
  74  6:17  Engineering Bay  
  74  6:22  Marine x2  
  74  6:24  Supply Depot  
  74  6:25  Supply Depot  
  76  6:26  Marine x2  
  78  6:40  Marine x2  
  83  6:47  Marine x3  
  83  6:49  Terran Infantry Weapons Level 1, Terran Infantry Armor Level 1  
  83  6:51  Medivac x2, Siege Tank  
  90  6:56  SCV x2  
  90  6:57  SCV  
  92  7:06  Sensor Tower  
  92  7:08  SCV x2  
  94  7:09  Sensor Tower  
  94  7:10  SCV  
  94  7:12  Supply Depot  
  94  7:15  Supply Depot  
  95  7:16  Marine x2  
  95  7:19  Marine x2  
  95  7:20  SCV x2  
  95  7:22  SCV  
  101  7:33  Marine x4  
  101  7:34  Marine x2, Sensor Tower  
  101  7:37  Marine x2  
  107  7:43  Siege Tank  
  112  7:45  Medivac  
  112  7:48  Refinery, SCV  
  112  7:49  Refinery  
  115  7:52  Supply Depot x2  
  115  7:53  SCV  
  115  7:54  SCV  
  115  7:56  Marine  
  118  8:00  SCV, Armory  
  118  8:01  Marine  
  118  8:02  Marine  
  118  8:05  Marine, SCV  
  123  8:06  Medivac  
  125  8:13  SCV x2  
  125  8:17  SCV  
  127  8:29  Marine  
  127  8:30  Marine x7, Siege Tank  
  138  8:35  Sensor Tower  
  134  8:48  Marine x2  
Show
View Real Time Build Order
Export as new Build Order

Reinca Terran 

Build Orders: Reaper Expand, MMM Bio 

Get SALT Encoding   

  12  0:00  SCV  
  13  0:13  SCV  
  14  0:18  Supply Depot  
  14  0:25  SCV  
  15  0:28  Refinery  
  15  0:42  Barracks  
  15  0:44  SCV  
  16  0:56  SCV  
  17  1:08  SCV  
  18  1:20  SCV  
  19  1:29  Reaper  
  20  1:33  Orbital Command  
  20  1:46  Command Center  
  20  1:57  Supply Depot  
  20  1:58  SCV  
  20  2:01  Reaper  
  22  2:10  SCV  
  23  2:20  Factory  
  23  2:22  SCV  
  24  2:27  Refinery  
  24  2:34  SCV  
  25  2:37  Barracks Reactor  
  25  2:47  SCV  
  27  3:01  SCV  
  27  3:05  Orbital Command  
  27  3:08  Starport, Factory Tech Lab  
  27  3:13  SCV  
  27  3:14  Marine  
  27  3:15  Marine  
  27  3:19  Barracks  
  30  3:25  SCV  
  31  3:32  Marine x2, Cyclone  
  36  3:37  SCV  
  36  3:38  SCV  
  38  3:44  Supply Depot  
  38  3:45  Viking  
  40  3:50  Refinery, SCV x2  
  40  3:52  Marine x2  
  44  4:02  SCV x2  
  45  4:08  Supply Depot  
  45  4:09  Barracks Tech Lab  
  45  4:12  Siege Tank  
  45  4:14  SCV x2  
  50  4:18  Marine x2  
  50  4:23  Viking  
  54  4:30  SCV x2  
  56  4:35  Supply Depot  
  56  4:37  Marine x2  
  58  4:42  SCV x2  
  58  4:44  Stimpack  
  60  4:46  Barracks  
  60  4:54  SCV x2  
  60  4:57  Starport Reactor  
  62  5:11  SCV x2  
  62  5:18  Marine x2  
  64  5:21  Siege Tank  
  64  5:23  SCV x2  
  64  5:26  Refinery  
  69  5:30  Barracks  
  69  5:31  Barracks  
  69  5:36  Barracks Reactor  
  69  5:45  Supply Depot x2  
  69  5:46  Marine x2, Medivac x2  
  69  5:48  Marine  
  76  6:05  Engineering Bay  
  76  6:06  Siege Tank  
  76  6:08  Supply Depot  
  76  6:10  Supply Depot  
  79  6:12  Marine x4  
  79  6:13  Marine  
  84  6:20  Barracks Reactor x2  
  84  6:30  Terran Infantry Weapons Level 1  
  84  6:33  Marine x5  
  84  6:36  Medivac x2  
  90  6:41  Siege Tank  
  93  6:47  Supply Depot  
  93  6:48  Supply Depot  
  93  6:49  Combat Shields  
  93  6:55  Marine x4  
  93  6:57  Marine x3  
  93  7:01  Marine x2  
  102  7:10  Medivac x2  
  106  7:16  Supply Depot, Siege Tank  
  106  7:17  Supply Depot  
  106  7:21  Marine x4  
  113  7:27  Marine x4  
  117  7:36  Marine  
  118  7:41  Supply Depot, Marine  
  118  7:42  Supply Depot, Marine x3  
  122  7:48  Siege Tank  
  122  7:50  Marine x4  
  129  7:54  Marine  
  130  7:59  Marine x2  
  130  8:00  Marine  
  130  8:04  Medivac x2  
  137  8:07  Marine  
  137  8:08  Marine x2  
  140  8:13  Supply Depot  
  140  8:25  Marine x6  
  146  8:31  Marine  
  146  8:32  Marine x2  
  136  8:48  Marine  
  136  8:49  Marine x2  
Tags
 
Add a new tag
Caveats
  • Supply blocks, unpowered buildings, or Contaminate may cause inaccurate times.
  • Supply counts are checked every 10 seconds.